 Dungeon Crawl Stone Soup version 0.20-b1-2-gc5a9893 (webtiles) character file.

600063 Mesmaeker13 the Impregnable (level 26, -7/364 HPs)
             Began as a Deep Dwarf Berserker on May 19, 2017.
             Was a High Priest of Trog.
             Mangled by a quicksilver dragon (10 damage)
             ... on level 3 of the Realm of Zot on May 22, 2017.
             The game lasted 06:13:44 (74742 turns).

Mesmaeker13 the Impregnable (Deep Dwarf Berserker) Turns: 74742, Time: 06:13:45

Health: -7/364     AC: 44    Str: 39    XL:     26   Next: 46%
Magic:  9/9        EV: 15    Int: 15    God:    Trog [*****.]
Gold:   3377       SH:  4    Dex: 17    Spells: 27/27 levels left

rFire    + . .     SeeInvis +   c - +8 battleaxe (vamp)
rCold    + . .     Gourm    +   (shield currently unavailable)
rNeg     + . .     Faith    .   j - +10 storm dragon scales
rPois    +         Spirit   .   T - +2 hat {MR+}
rElec    +         Reflect  .   E - +2 cloak
rCorr    .         Harm     .   g - +2 pair of gloves
MR       ++++.                  W - +2 pair of boots {run}
Stlth    ..........             b - amulet of the gourmand
Regen    0.0/turn               L - ring "Rahud" {rPois MR+ Str+2 SInv}
MPRegen  0.2/turn               p - ring of Lesser Demons {rF+ rC+ MR- Str+3 Int+6}

@: berserking (expiring), non-regenerating, slowed, studying Throwing, quick
A: damage resistance, heal wounds, large bone plates 1, frail 1, low mp 1,
negative energy resistance 1, sense surroundings 3, strong 1, no potion heal 1,
no regeneration
}: 3/15 runes: decaying, silver, gossamer
a: Heal Wounds, Berserk, Trog's Hand, Brothers in Arms, Burn Spellbooks,
Renounce Religion


You were on level 3 of the Realm of Zot.
You worshipped Trog.
Trog was extremely pleased with you.
You were very full.

You visited 10 branches of the dungeon, and saw 48 of its levels.
You visited the Abyss 3 times.
You visited 2 bazaars.
You also visited: Labyrinth and Ossuary.

You collected 5889 gold pieces.
You spent 2512 gold pieces at shops.

Inventory:

Hand Weapons
 c - a +8 vampiric battleaxe (weapon)
 x - a +3 antimagic battleaxe
 I - a +5 broad axe of flaming
Missiles
 O - 11 javelins of penetration (quivered)
 Q - 5 silver javelins
 V - 11 poisoned javelins
Armour
 g - a +2 pair of gloves (worn)
 j - +10 storm dragon scales (worn)
 o - the +2 shield of Resistance {rF+ rC+ MR+}
   (You found it on level 12 of the Dungeon)

   It protects you from fire.
   It protects you from cold.
   It affects your resistance to hostile enchantments.
 E - a +2 cloak (worn)
 N - +3 gold dragon scales
 T - a +2 hat of magic resistance (worn)
 W - a +2 pair of boots of running (worn)
Jewellery
 b - an amulet of the gourmand (around neck)
 p - the ring of Lesser Demons (right hand) {rF+ rC+ MR- Str+3 Int+6}
   (You found it on level 6 of the Lair of Beasts)

   [ring of protection from fire]

   It affects your strength (+3).
   It affects your intelligence (+6).
   It protects you from fire.
   It protects you from cold.
   It affects your resistance to hostile enchantments.
 u - an uncursed ring of protection from fire
 z - an uncursed ring of resist corrosion
 L - the ring "Rahud" (left hand) {rPois MR+ Str+2 SInv}
   (You found it on level 2 of the Vaults)

   [ring of see invisible]

   It affects your strength (+2).
   It protects you from poison.
   It affects your resistance to hostile enchantments.
   It lets you see invisible.
Wands
 n - a wand of confusion (4/48)
 t - a wand of disintegration (11/24)
 y - a wand of enslavement (16/24)
 M - a wand of lightning (5/15)
 X - a wand of acid (2/15)
 Y - a wand of scattershot (4/9)
Scrolls
 a - 8 scrolls of teleportation
 l - 3 scrolls of magic mapping
 w - 9 scrolls of blinking
 A - 4 scrolls of fog
 B - 2 scrolls of silence
 G - a scroll of enchant armour
 H - 3 scrolls of summoning
 J - 2 scrolls of holy word
 K - 5 scrolls of remove curse
 P - 8 scrolls of fear
Potions
 d - 2 potions of invisibility
 h - 3 potions of cancellation
 i - 6 potions of agility
 k - 5 potions of might
 m - 4 potions of resistance
 q - 2 potions of haste
 r - 6 potions of curing
 C - 8 potions of flight
Books
 F - a manual of Throwing
Miscellaneous
 e - a phial of floods
 s - a lightning rod (2/4)
 R - 4 phantom mirrors
 S - a lamp of fire
 Z - 3 sacks of spiders
Comestibles
 f - 3 meat rations
 v - 3 royal jellies
 D - a bread ration
 U - 2 chunks of flesh


   Skills:
 + Level 22.2 Fighting
 - Level 20.1 Axes
   Level 5.6 Crossbows
 - Level 18.7 Throwing
 - Level 23.6 Armour
 - Level 7.0 Dodging
 - Level 15.2 Shields
 - Level 1.0 Spellcasting
 - Level 19.2 Evocations


You had 27 spell levels left.
You didn't know any spells.

Dungeon Overview and Level Annotations

Branches:
Dungeon (15/15)            Temple (1/1) D:4            Lair (6/6) D:8
  Swamp (4/4) Lair:3       Spider (4/4) Lair:2        Slime (0/5) Lair:6
    Orc (2/2) D:12            Elf (3/3) Orc:2        Vaults (5/5) D:14
  Crypt (0/3) Vaults:3     Depths (5/5) D:15            Zot (3/5) Depths:5

Altars:
Ashenzari
Cheibriados
Dithmenos
Elyvilon
Fedhas
Gozag
Hepliaklqana
Kikubaaqudgha
Makhleb
Nemelex Xobeh
Okawaru
Qazlal
Ru
Sif Muna
Trog
Uskayaw
Vehumet
Xom
Yredelemnul
Zin
The Shining One

Shops:
D:7 (   D:15 [   Orc:1 (   Orc:2 ==*[!   Elf:1 %[%(   Vaults:4 %   Depths:1 %}[

Portals:
Hell: Depths:1 Depths:2 Depths:3 Depths:4 Depths:5
Abyss: Depths:2 Depths:3 Depths:4
Pandemonium: Depths:2 Depths:3
Ziggurat: Depths:2

Annotations:
Lair:6 exclusion: oklob plant
Swamp:3 exclusion: downstairs
Spider:4 1 exclusion
Orc:2 3 exclusions
Elf:3 1 exclusion


Innate Abilities, Weirdness & Mutations

You are resistant to damage.
You can heal yourself by infusing magical energy.
You resist negative energy. (rN+)
You passively map a large area around you.
You do not regenerate.
You are partially covered in large bone plates. (SH +4)
You are frail. (-10% HP)
Your magical capacity is low. (-10% MP)
Your muscles are strong. (Str +2)
Potions are less effective at restoring your health.


Message History

Trog accepts your kill.
You hit the quicksilver dragon.
You feel better.
You slice the shadow dragon like a ripe choko!!!
You slice the moth of wrath like a ripe choko!!!
You block the quicksilver dragon's attack.
The quicksilver dragon claws you but does no damage.
The moth of wrath barely misses you. The shadow dragon bites you!!
* * * LOW HITPOINT WARNING * * *
The shadow dragon claws you. The shadow dragon claws you!
* * * LOW HITPOINT WARNING * * *
A yellow draconian comes into view. It is wielding a glaive.
You barely miss the shadow dragon.
The shadow dragon is severely wounded.
You completely miss the quicksilver dragon.
You slash the moth of wrath!
You feel better.
You kill the moth of wrath!
Trog accepts your kill.
The quicksilver dragon bites you but does no damage.
The quicksilver dragon claws you!
You die...

, **, * *
##,,, ##.
, ##...,
* #.... *
...#### ,
#.†.# * ,
#.D@# * ,
,* #?D)#
***,, ,
*#...# ,,
, #.#.[..
..##...?#
, , * ...
#....# ,
#...
#..### ,
#d. #..#
,, .##*
#..# *


You could see a shadow dragon (berserk), a yellow draconian and a quicksilver
dragon (berserk).

Vanquished Creatures
  An ancient lich (Vaults:4)
  An orb of fire (Zot:1)
  Mara (Spider:3)
  Mennas (Depths:4)
  Sojobo (Depths:2)
  Margery (Depths:3)
  Saint Roka (Elf:3)
  3 caustic shrikes
  Jory (Depths:5)
  Nikola (Spider:1)
  5 golden dragons
  2 bone dragons
  Arachne (Spider:3)
  5 liches
  10 tentacled monstrosities
  The ghost of Jawreze the Impaler, an adept MfGl of Nemelex Xobeh (Vaults:1)
  2 deep elf blademasters (Elf:3)
  7 titans
  5 quicksilver dragons
  Asterion (Depths:3)
  2 deep elf master archers (Elf:3)
  4 death cobs
  8 sphinxes
  3 tentacled starspawn (Abyss:3)
  Agnes (Spider:4)
  Kirke (Spider:2)
  8 tengu reavers
  7 shadow dragons
  2 thorn hunters
  The ghost of George the Fencer, an adept MiFi of Makhleb (Swamp:4)
  8 storm dragons
  4 draconian monks
  Roxanne (Swamp:4)
  Donald (Swamp:2)
  A revenant (Abyss:3)
  8 frost giants
  2 draconian knights (Zot:1)
  8 fire giants
  A balrug (Abyss:3)
  9 deep elf sorcerers
  16 vault wardens
  2 iron dragons
  17 ironheart preservers
  4 draconian scorchers
  2 draconian stormcallers
  5 ghost moths
  Aizul (Elf:3)
  An orc warlord (Orc:1)
  2 draconian shifters (Zot:1)
  The ghost of inmateoo the Grappler, a journeyman DrTm of Cheibriados (D:14)
  2 emperor scorpions (Spider:4)
  Louise (Swamp:4)
  3 draconian annihilators (Zot:1)
  A reaper (Depths:3)
  A spriggan defender (Depths:1)
  5 deep elf elementalists
  16 stone giants
  7 entropy weavers
  4 green draconians
  15 very ugly things
  A war gargoyle (Vaults:5)
  2 vampire knights
  A red draconian (Zot:2)
  7 deep elf demonologists
  5 deep elf annihilators
  5 white draconians
  4 black draconians
  3 yellow draconians
  5 spark wasps
  5 purple draconians
  10 ettins
  The ghost of miragecloak the Grappler, a journeyman DrTm (D:15)
  A blizzard demon (Depths:2)
  12 deep elf death magi
  A crystal guardian (Vaults:5)
  A green death (Depths:2)
  16 yaktaur captains
  2 jiangshi (Abyss:3)
  10 fire dragons
  A minotaur (Lab)
  10 deep elf high priests
  5 rakshasas
  Fannar (D:11)
  9 great orbs of eyes
  28 hydras
  2 ghost crabs (Swamp:3)
  29 vault guards
  19 ice dragons
  A monstrous demonspawn (Depths:3)
  A catoblepas (Lair:4)
  10 centaur warriors
  5 spriggan air magi
  A merfolk avatar (Lair:6)
  19 ogre magi
  41 dancing weapons
  A death yak (Lair:4)
  An anaconda (shapeshifter) (Depths:2)
  6 death knights
  56 two-headed ogres
  8 death scarabs (Spider:4)
  5 deep troll shamans
  4 tengu warriors
  3 thrashing horrors (Abyss:3)
  12 alligators
  10 spriggan berserkers
  A vampire mage (Abyss:3)
  8 spriggans
  2 orc high priests
  Urug (D:12)
  2 soul eaters (Depths:1)
  3 hell hogs (Abyss:3)
  12 deep troll earth magi
  Nergalle (D:12)
  20 deep elf knights
  The ghost of Agrougrou the Cleaver, a novice GrFi of Okawaru (D:7)
  A spectral emperor scorpion (Spider:4)
  10 hell knights
  2 iron trolls (Depths:3)
  2 wretched stars (Abyss:3)
  2 unseen horrors (Vaults:1)
  A golden dragon zombie (Depths:1)
  A death drake (shapeshifter) (D:14)
  4 shadow wraiths
  A sea snake (Lair:6)
  4 glowing orange brains
  2 flayed ghosts
  An infernal demonspawn (Depths:2)
  11 swamp dragons (Swamp:4)
  40 deep trolls
  2 storm dragon skeletons (Depths:1)
  10 skeletal warriors
  20 deep elf archers
  4 shambling mangroves
  13 orc knights
  16 ironbrand convokers
  14 wizards
  12 necromancers
  3 phantasmal warriors
  A sphinx zombie (Vaults:3)
  A harpy (Lair:6)
  2 spectral wolf spiders (Spider:4)
  A harpy (shapeshifter) (Elf:1)
  A fire giant zombie (Vaults:1)
  A wolf spider zombie (Spider:4)
  24 wolf spiders
  16 orb spiders
  65 deep elf magi
  33 ugly things
  A worldbinder (Abyss:2)
  4 cyclopes
  2 orc sorcerers
  2 manticores
  9 moths of wrath
  2 centaur zombies (D:12)
  A black mamba (Lair:5)
  A manticore (shapeshifter) (Depths:3)
  2 ice statues (Depths:2)
  23 spiny frogs
  11 elephants
  2 naga magi (Vaults:4)
  16 vault sentinels
  A fire giant skeleton (Vaults:3)
  3 gargoyles
  4 smoke demons
  A torpor snail (shapeshifter) (Vaults:2)
  A spriggan zombie (Depths:1)
  7 rime drakes
  A storm dragon simulacrum (Depths:1)
  51 yaktaurs
  A yaktaur zombie (Depths:1)
  An efreet (D:13)
  A komodo dragon (shapeshifter) (Vaults:4)
  18 komodo dragons
  A tormentor (Abyss:3)
  15 freezing wraiths
  2 spectral redbacks (Spider:4)
  7 small abominations
  The ghost of no0bjke the Chopper, a novice GrFi of Okawaru (D:4)
  2 kobold demonologists (D:15)
  16 demonic crawlers
  6 ice devils
  5 redback zombies (Spider:4)
  2 hellwings (Depths:4)
  A red devil (Depths:5)
  A yaktaur skeleton (Vaults:1)
  42 jumping spiders
  2 queen bees
  An ancient zyme (Abyss:3)
  A meliai (shapeshifter) (D:12)
  6 meliai
  3 tengu conjurers
  9 trolls
  The ghost of Oozefury the Ruffian, an amateur DrTm of Cheibriados (D:5)
  6 polar bears
  52 slime creatures
  2 jumping spiders (shapeshifter)
  7 raiju (Abyss:3)
  A raiju (shapeshifter) (Elf:3)
  2 jumping spider zombies (Spider:4)
  A wind drake (shapeshifter) (Vaults:2)
  22 hornets
  A hornet (shapeshifter) (Depths:2)
  3 tarantella zombies (Spider:4)
  7 large abominations
  A merfolk (shapeshifter) (Vaults:5)
  4 spectral jumping spiders (Spider:4)
  4 spectral tarantellas (Spider:4)
  A blink frog (shapeshifter) (Vaults:1)
  An ettin zombie (Depths:1)
  12 tyrant leeches
  A wind drake (Lair:6)
  12 hippogriffs
  30 blink frogs
  6 bog bodies
  7 dream sheep (Lair:6)
  5 air elementals
  4 shadows
  13 starcursed masses
  6 wraiths
  2 vampires
  A ynoxinul (Depths:3)
  64 redbacks
  39 tarantellas
  A spriggan skeleton (Depths:1)
  34 yaks
  A redback (shapeshifter) (D:15)
  2 spriggans (shapeshifter)
  8 water elementals
  9 wyverns
  5 hungry ghosts
  2 fire elementals (Elf:2)
  5 golden eyes (Abyss:3)
  2 humans (Elf:1)
  A neqoxec (Abyss:3)
  A yak (shapeshifter) (Vaults:1)
  A golden eye (shapeshifter) (Vaults:1)
  2 basilisks
  5 hogs (Spider:2)
  3 chaos spawn
  A steam dragon (D:14)
  Menkaure (D:7)
  18 vampire mosquitoes
  2 spriggan simulacra (Depths:1)
  5 wargs
  21 swamp worms
  6 insubstantial wisps (Swamp:3)
  A naga (shapeshifter) (Vaults:4)
  An acid dragon (D:15)
  A soldier ant (D:13)
  16 water moccasins
  A soldier ant (shapeshifter) (D:14)
  4 floating eyes
  10 porcupines
  6 swamp drakes
  51 orc warriors
  6 sky beasts
  2 spectral hornets (Spider:4)
  A hornet zombie (Spider:4)
  An eye of draining (D:12)
  A black bear (Lair:2)
  An eye of draining (shapeshifter) (Vaults:5)
  2 phantoms (D:8)
  8 ice beasts (Orc:1)
  A necrophage (D:6)
  23 wolves
  41 ogres
  11 boggarts
  15 crocodiles
  27 centaurs
  6 big kobolds
  17 bullfrogs
  An elf skeleton (D:8)
  2 earth elementals
  4 wyvern skeletons
  8 scorpions
  58 killer bees
  13 wights
  4 electric eels
  A howler monkey (D:4)
  15 crimson imps
  A bullfrog zombie (D:12)
  10 hounds
  2 human simulacra
  6 quasits
  9 jellies
  4 centaur skeletons
  8 human zombies
  14 orc priests
  Crazy Yiuf (D:2)
  2 gnoll shamans
  15 orc wizards
  2 human skeletons (D:8)
  An iron imp (Depths:3)
  Jessica (D:3)
  12 iguanas
  Ijyb (D:5)
  10 worker ants
  6 hell rats
  2 big kobold zombies (Ossuary)
  2 hound skeletons
  2 mummies (Ossuary)
  A howler monkey zombie (D:5)
  A howler monkey skeleton (D:6)
  A worker ant zombie (D:9)
  15 gnolls
  11 adders
  A river rat (Lair:4)
  3 shadow imps
  5 white imps
  3 ufetubi
  3 oozes
  3 adder zombies
  4 worms
  3 dart slugs
  3 leopard geckos
  78 orcs
  2 giant cockroaches
  8 goblins
  6 hobgoblins
  13 jackals
  6 quokkas
  3 ball pythons
  10 bats
  5 frilled lizards
  7 hobgoblin zombies (Ossuary)
  A jackal zombie (D:5)
  30 kobolds
  10 kobold zombies (Ossuary)
  An orc skeleton (D:8)
  13 orc zombies
  7 rats
  A rat zombie (Ossuary)
  4 briar patches (Swamp:4)
  2 crawling corpses (Vaults:5)
  6 fungi
  2 plants
  2 starspawn tentacles (Abyss:3)
2477 creatures vanquished.

Vanquished Creatures (collateral kills)
  Frederick (Depths:4)
  Jorgrun (Depths:1)
  A tentacled starspawn (Abyss:3)
  A sphinx (Vaults:5)
  2 draconian monks
  The ghost of pedritolo the Geomancer, a journeyman TrEE of Yredelemnul (D:14)
  A draconian scorcher (Zot:1)
  An ironheart preserver (Vaults:2)
  A deep elf elementalist (Elf:3)
  An entropy weaver (Spider:1)
  A deep elf death mage (Elf:3)
  2 yaktaur captains (Vaults:1)
  6 hydras
  2 centaur warriors
  A dancing weapon (D:14)
  Sonja (Lair:2)
  3 deep elf knights (Elf:2)
  A sea snake (shapeshifter) (D:14)
  An unseen horror (Vaults:1)
  2 deep elf magi
  4 slime creatures (Depths:1)
  3 elephants (Lair:6)
  A moth of wrath (Zot:1)
  A vault sentinel (Vaults:1)
  A spiny frog (Lair:6)
  A yaktaur (Vaults:1)
  2 komodo dragons
  A hornet (Lair:6)
  A wind drake (Lair:6)
  A blink frog (Lair:6)
  3 redbacks
  A hungry ghost (D:10)
  2 water moccasins (Lair:6)
  An ogre (D:10)
  A centaur (Depths:3)
  A crocodile (Lair:6)
56 creatures vanquished.

Vanquished Creatures (others)
  An ancient lich (Depths:2)
  A fire giant (Vaults:5)
  A vault warden (Vaults:5)
  A deep elf knight (Vaults:5)
  2 deep elf magi
  A black mamba (Lair:6)
  A redback (Vaults:5)
  A golden eye (Abyss:3)
  A small abomination (Abyss:3)
  An ufetubus (Abyss:3)
  7 briar patches (Swamp:4)
  A fire vortex (Depths:2)
  21 fungi
  36 plants
  8 starspawn tentacles (Abyss:3)
84 creatures vanquished.

Grand Total: 2617 creatures vanquished

Notes
Turn   | Place    | Note
-------+----------+-------------------------------------------
     0 | D:1      | Mesmaeker13 the Deep Dwarf Berserker began the quest for the Orb.
     0 | D:1      | Reached XP level 1. HP: 20/20 MP: 1/1
   109 | D:1      | Reached XP level 2. HP: 20/27 MP: 2/2
   542 | D:1      | Reached ** piety under Trog
   544 | D:1      | Reached XP level 3. HP: 20/34 MP: 3/3
   944 | D:2      | Reached skill level 3 in Armour
   954 | D:2      | Reached XP level 4. HP: 6/42 MP: 4/4
  1385 | D:2      | Found a runed door.
  1844 | D:2      | Noticed Crazy Yiuf
  1853 | D:2      | Killed Crazy Yiuf
  1853 | D:2      | Reached XP level 5. HP: 28/49 MP: 5/5
  2066 | D:3      | Noticed Jessica
  2069 | D:3      | Killed Jessica
  2069 | D:3      | Reached skill level 4 in Armour
  2573 | D:4      | Noticed an ogre
  2577 | D:4      | Killed an ogre
  2577 | D:4      | Reached skill level 5 in Axes
  2577 | D:4      | Reached XP level 6. HP: 48/57 MP: 6/6
  2646 | D:4      | Noticed no0bjke's ghost (novice GrFi)
  2664 | D:4      | Killed no0bjke's ghost
  2664 | D:4      | Reached skill level 5 in Armour
  2664 | D:4      | Reached XP level 7. HP: 66/66 MP: 7/7
  2749 | D:4      | Found a staircase to the Ecumenical Temple.
  2753 | D:4      | Reached skill level 5 in Fighting
  2775 | Temple   | Entered the Ecumenical Temple
  3326 | D:4      | Reached *** piety under Trog
  3341 | D:4      | Paralysed by fainting for 10 turns
  3582 | D:4      | Reached skill level 6 in Armour
  3945 | D:4      | Found an iron altar of Okawaru.
  4099 | D:4      | Reached XP level 8. HP: 59/75 MP: 8/8
  4266 | D:5      | Entered Level 5 of the Dungeon
  4401 | D:5      | Noticed Ijyb
  4412 | D:5      | Killed Ijyb
  4597 | D:5      | Noticed Oozefury's ghost (amateur DrTm)
  4872 | D:5      | Killed Oozefury's ghost
  4872 | D:5      | Reached skill level 7 in Armour
  5091 | D:5      | Found a shattered altar of Ashenzari.
  5477 | D:6      | Reached skill level 1 in Evocations
  5923 | D:6      | Found a blossoming altar of Fedhas.
  6150 | D:6      | Gained mutation: You passively map the area around you. [Deep Dwarf growth]
  6150 | D:6      | Reached XP level 9. HP: 85/85 MP: 9/9
  6533 | D:7      | Noticed Menkaure
  6540 | D:7      | Killed Menkaure
  6857 | D:7      | Noticed Agrougrou's ghost (novice GrFi)
  6870 | D:7      | Killed Agrougrou's ghost
  6870 | D:7      | Reached skill level 8 in Armour
  7145 | D:7      | Reached skill level 5 in Evocations
  7677 | D:7      | Reached XP level 10. HP: 96/96 MP: 12/12
  7905 | D:7      | Reached skill level 9 in Armour
  7927 | D:7      | Found Sokagucs's Weapon Shop.
  7958 | D:7      | Found a deep blue altar of Sif Muna.
  8151 | D:8      | Noticed a two-headed ogre
  8167 | D:8      | Killed a two-headed ogre
  8198 | D:8      | Noticed a two-headed ogre
  8221 | D:8      | Killed a two-headed ogre
  8560 | D:8      | Reached skill level 10 in Axes
  8561 | D:8      | Found a sand-covered staircase.
  8576 | Ossuary  | Entered an ossuary
  8589 | Ossuary  | Reached **** piety under Trog
  8915 | D:8      | Found a staircase to the Lair.
  9123 | D:8      | Reached ***** piety under Trog
  9519 | D:8      | Reached skill level 10 in Armour
 10003 | D:9      | Reached XP level 11. HP: 74/106 MP: 14/14
 10155 | D:9      | Found a snail-covered altar of Cheibriados.
 10239 | D:9      | Found a sacrificial altar of Ru.
 10426 | D:9      | Found a white marble altar of Elyvilon.
 10482 | D:9      | Found a basalt altar of Yredelemnul.
 10547 | D:10     | Entered Level 10 of the Dungeon
 11032 | D:10     | Noticed a white ugly thing
 11043 | D:10     | Killed a white ugly thing
 11194 | D:10     | Noticed a two-headed ogre
 11204 | D:10     | Killed a two-headed ogre
 11264 | D:10     | Noticed a six-headed hydra
 11268 | D:10     | Killed a six-headed hydra
 11268 | D:10     | Reached skill level 11 in Armour
 11459 | Lair:1   | Entered Level 1 of the Lair of Beasts
 11687 | Lair:1   | Reached skill level 10 in Fighting
 11818 | Lair:1   | Found a labyrinth entrance.
 11826 | Lab      | Entered a labyrinth
 12859 | Lab      | Noticed a minotaur
 12864 | Lab      | Killed a minotaur
 13000 | Lair:1   | Reached XP level 12. HP: 104/116 MP: 14/14
 13006 | Lair:1   | Reached skill level 1 in Shields
 13243 | Lair:1   | Got a serpentine jade ring
 13354 | Lair:1   | Identified the ring of Icupoth {Str+3 Int+4 Dex+3} (You found it on level 1 of the Lair of Beasts)
 13808 | Lair:2   | Found a hole to the Spider Nest.
 14100 | Lair:2   | Reached skill level 12 in Armour
 14232 | Lair:2   | Noticed Sonja
 14238 | Lair:2   | Killed Sonja
 14282 | Lair:2   | Received a gift from Trog
 15493 | Lair:3   | Found a staircase to the Swamp.
 15791 | Lair:4   | Reached skill level 5 in Shields
 16479 | Lair:4   | Reached XP level 13. HP: 65/127 MP: 15/15
 16621 | Lair:4   | Got a faintly glowing scale mail
 16639 | Lair:4   | Identified the +5 scale mail of Quantum Leap {rElec Regen+} (You found it on level 4 of the Lair of Beasts)
 16778 | Lair:4   | Reached skill level 10 in Evocations
 16786 | Lair:4   | Reached skill level 13 in Armour
 18780 | Lair:6   | Entered Level 6 of the Lair of Beasts
 18801 | Lair:6   | Paralysed by a hornet for 1 turns
 18987 | Lair:6   | Found a staircase to the Slime Pits.
 19389 | Lair:6   | Gained mutation: You resist negative energy. (rN+) [Deep Dwarf growth]
 19389 | Lair:6   | Reached XP level 14. HP: 55/138 MP: 15/15
 20274 | Lair:6   | Reached skill level 14 in Armour
 20849 | Lair:6   | Got an ancient lapis lazuli ring
 20851 | Lair:6   | Identified the ring of Lesser Demons {rF+ rC+ MR- Str+3 Int+6} (You found it on level 6 of the Lair of Beasts)
 21743 | D:11     | Noticed Fannar
 21755 | D:11     | Killed Fannar
 22015 | D:12     | Reached skill level 15 in Axes
 22365 | D:12     | Noticed Nergalle
 22390 | D:12     | Killed Nergalle
 22909 | D:12     | Found a staircase to the Orcish Mines.
 23406 | D:12     | Found a runed door.
 23413 | D:12     | Noticed Urug
 23426 | D:12     | Killed Urug
 23437 | D:12     | Found a runed door.
 24052 | D:13     | Received a gift from Trog
 24463 | D:14     | Reached XP level 15. HP: 88/148 MP: 15/15
 24472 | D:14     | Noticed pedritolo's ghost (journeyman TrEE)
 24478 | D:14     | Killed pedritolo's ghost
 24485 | D:14     | Found a gate to the Vaults.
 24709 | D:14     | Reached skill level 15 in Armour
 25505 | D:14     | Noticed inmateoo's ghost (journeyman DrTm)
 25522 | D:14     | Killed inmateoo's ghost
 25958 | Orc:1    | Entered Level 1 of the Orcish Mines
 26001 | Orc:2    | Entered Level 2 of the Orcish Mines
 26166 | Orc:2    | Found Lavuewni's Distillery.
 26445 | Orc:2    | Found a staircase to the Elven Halls.
 26688 | Orc:1    | Noticed an orc warlord
 26708 | Orc:1    | Killed an orc warlord
 26956 | Orc:1    | Found Utabac's Weapon Shop.
 27121 | Orc:2    | Received a gift from Trog
 27395 | Orc:2    | Received a gift from Trog
 27584 | Orc:2    | Found Useuth's Assorted Antiques.
 27584 | Orc:2    | Found Xeudiupe's Jewellery Emporium.
 27586 | Orc:2    | Found Vouggeat's Jewellery Shoppe.
 27588 | Orc:2    | Found Mauginut's Antique Armour Boutique.
 27596 | Orc:2    | Bought a scroll of identify for 48 gold pieces
 27601 | Orc:2    | Bought a potion of curing for 72 gold pieces
 27601 | Orc:2    | Bought a scroll of recharging for 228 gold pieces
 27601 | Orc:2    | Bought a scroll of enchant armour for 180 gold pieces
 27601 | Orc:2    | Bought a scroll of enchant weapon for 180 gold pieces
 27601 | Orc:2    | Bought 2 scrolls of identify for 96 gold pieces
 28202 | D:15     | Entered Level 15 of the Dungeon
 28203 | D:15     | Noticed miragecloak's ghost (journeyman DrTm)
 28235 | D:15     | Killed miragecloak's ghost
 28459 | D:15     | Found Echeituh's Antique Armour Emporium.
 28658 | D:15     | Found a staircase to the Depths.
 29115 | Swamp:1  | Entered Level 1 of the Swamp
 29285 | Swamp:1  | Reached XP level 16. HP: 59/159 MP: 15/15
 30483 | Depths:1 | Entered Level 1 of the Depths
 30485 | Depths:1 | Got a pitted plate armour
 30500 | D:15     | Identified the +8 plate armour of Pride {*Slow +Blink rC++ Str+5} (You found it on level 1 of the Depths)
 30584 | Depths:1 | Reached skill level 16 in Armour
 30606 | Depths:1 | Reached skill level 10 in Shields
 30991 | Depths:1 | Found Ascheidd's Armour Boutique.
 30995 | Depths:1 | Found Ogugip's Food Emporium.
 31034 | Depths:1 | Noticed Jorgrun
 31048 | Depths:1 | Received a gift from Trog
 31066 | Depths:1 | Killed Jorgrun
 31077 | Depths:1 | Noticed a storm dragon
 31099 | Depths:1 | Killed a storm dragon
 31527 | D:3      | Found a sparkling altar of Nemelex Xobeh.
 31716 | D:3      | Upgraded the game from 0.20-b1 to 0.21-a0-1-gaf3b9a5
 32491 | Swamp:2  | Noticed Donald
 32509 | Swamp:2  | Killed Donald
 33085 | Swamp:2  | Gained mutation: You are occasionally teleported next to monsters. [potion of mutation]
 33085 | Swamp:2  | Gained mutation: You are partially covered in rugged brown scales. (AC +1, +3% HP) [potion of mutation]
 33251 | Lair:1   | Lost mutation: You are partially covered in rugged brown scales. (AC +1, +3% HP) [potion of mutation]
 33251 | Lair:1   | Gained mutation: You are clumsy. (Dex -2) [potion of mutation]
 33251 | Lair:1   | Gained mutation: You are surrounded by a mild repulsion field. (EV +2) [potion of mutation]
 33252 | Lair:1   | Lost mutation: You are clumsy. (Dex -2) [potion of mutation]
 33252 | Lair:1   | Lost mutation: You are surrounded by a mild repulsion field. (EV +2) [potion of mutation]
 33252 | Lair:1   | Gained mutation: You are weak. (Str -2) [potion of mutation]
 33252 | Lair:1   | Gained mutation: You have an increased reservoir of magic. (+10% MP) [potion of mutation]
 33253 | Lair:1   | Lost mutation: You are weak. (Str -2) [potion of mutation]
 33253 | Lair:1   | Lost mutation: You are occasionally teleported next to monsters. [potion of mutation]
 33253 | Lair:1   | Lost mutation: You have an increased reservoir of magic. (+10% MP) [potion of mutation]
 33253 | Lair:1   | Gained mutation: You have supernaturally acute eyesight. (SInv) [potion of mutation]
 33253 | Lair:1   | Gained mutation: You have a pair of small horns on your head. [potion of mutation]
 33254 | Lair:1   | Lost mutation: You have a pair of small horns on your head. [potion of mutation]
 33254 | Lair:1   | Lost mutation: You have supernaturally acute eyesight. (SInv) [potion of mutation]
 33254 | Lair:1   | Gained mutation: Your body sometimes deteriorates upon taking damage. [potion of mutation]
 33254 | Lair:1   | Gained mutation: You are resistant to hostile enchantments. (MR+) [potion of mutation]
 33255 | Lair:1   | Lost mutation: Your body sometimes deteriorates upon taking damage. [potion of mutation]
 33255 | Lair:1   | Lost mutation: You are resistant to hostile enchantments. (MR+) [potion of mutation]
 33255 | Lair:1   | Gained mutation: You are partially covered in rugged brown scales. (AC +1, +3% HP) [potion of mutation]
 33255 | Lair:1   | Gained mutation: You evolve. [potion of mutation]
 33495 | Depths:1 | Found Oriu's Gadget Boutique.
 33795 | Depths:1 | Reached XP level 17. HP: 43/173 MP: 15/15
 34693 | Depths:1 | Reached skill level 15 in Fighting
 34712 | Depths:1 | Reached skill level 17 in Armour
 35319 | Depths:1 | Found a gateway to Hell.
 35477 | Depths:1 | Reached skill level 1 in Throwing
 35966 | Orc:2    | Bought a potion of might for 60 gold pieces
 35966 | Orc:2    | Bought a potion of curing for 45 gold pieces
 35966 | Orc:2    | Bought a potion of might for 60 gold pieces
 35966 | Orc:2    | Bought a potion of haste for 150 gold pieces
 35966 | Orc:2    | Bought a potion of flight for 45 gold pieces
 35989 | Elf:1    | Entered Level 1 of the Elven Halls
 36389 | Elf:1    | Found Cunyaf's Food Shop.
 36389 | Elf:1    | Found Oqoperr's Weapon Shop.
 36391 | Elf:1    | Found Naegeras's Food Shop.
 36391 | Elf:1    | Found Itattuk's Armour Shop.
 36517 | Elf:1    | Found a gateway to a bazaar.
 36532 | Bazaar   | Entered a bazaar
 36535 | Bazaar   | Found Neniek's Distillery.
 36548 | Bazaar   | Found Ogioq's Armour Boutique.
 36548 | Bazaar   | Found Timus's Distillery.
 36579 | Bazaar   | Found Bungeirch's Book Shop.
 36600 | Bazaar   | Bought a potion of heal wounds for 55 gold pieces
 36600 | Bazaar   | Bought a potion of curing for 33 gold pieces
 36600 | Bazaar   | Bought a potion of ambrosia for 88 gold pieces
 36613 | Bazaar   | Bought 2 potions of heal wounds for 160 gold pieces
 36613 | Bazaar   | Bought a potion of curing for 48 gold pieces
 36613 | Bazaar   | Bought a potion of curing for 48 gold pieces
 36613 | Bazaar   | Bought a potion of curing for 48 gold pieces
 36613 | Bazaar   | Bought a potion of curing for 48 gold pieces
 36613 | Bazaar   | Bought a potion of might for 64 gold pieces
 37761 | Swamp:3  | Identified a +2 pair of boots of running (You found it on level 3 of the Swamp)
 38219 | Swamp:4  | Entered Level 4 of the Swamp
 38947 | Swamp:4  | Noticed Louise
 38989 | Swamp:4  | Killed Louise
 39246 | Swamp:4  | Noticed George's ghost (adept MiFi)
 39553 | Swamp:3  | Gained mutation: You passively map a large area around you. [Deep Dwarf growth]
 39553 | Swamp:3  | Reached XP level 18. HP: 163/185 MP: 13/13
 39808 | Swamp:4  | Received a gift from Trog
 40139 | Swamp:4  | Gained mutation: Your muscles are strong. (Str +2) [evolution]
 40174 | Swamp:4  | Killed George's ghost
 40466 | Swamp:4  | Noticed Roxanne
 40498 | Swamp:4  | HP: 5/186 [Roxanne/bolt of magma (29)]
 40502 | Swamp:4  | Killed Roxanne
 40503 | Swamp:4  | Identified Roxanne's Reference Book on Stones (You took it off Roxanne on level 4 of the Swamp)
 41004 | Swamp:4  | Got a decaying rune of Zot
 41457 | Vaults:1 | Entered Level 1 of the Vaults
 42332 | Vaults:1 | Received a gift from Trog
 42336 | Vaults:1 | Reached skill level 18 in Armour
 42909 | Vaults:1 | Noticed Jawreze's ghost (adept MfGl)
 42952 | Vaults:1 | Killed Jawreze's ghost
 43576 | Vaults:1 | Received a gift from Trog
 43796 | Vaults:1 | Reached XP level 19. HP: 91/194 MP: 14/14
 43863 | Vaults:1 | Lost mutation: You evolve. [evolution]
 44216 | Spider:1 | Entered Level 1 of the Spider Nest
 44588 | Spider:1 | Received a gift from Trog
 44709 | Spider:1 | Noticed Nikola
 44721 | Spider:1 | Killed Nikola
 44767 | Spider:1 | Got a pair of brightly glowing gloves
 44782 | Spider:1 | Identified the +0 pair of gloves "Keemucef" {Regen+} (You took it off Nikola on level 1 of the Spider Nest)
 45861 | Spider:1 | Reached skill level 15 in Evocations
 46454 | Spider:2 | Noticed Kirke
 46899 | Spider:2 | Killed Kirke
 47277 | Spider:3 | Noticed Arachne
 47302 | Spider:3 | Killed Arachne
 47506 | Spider:3 | Noticed Mara
 47527 | Spider:3 | Noticed Mesmaeker13's illusion
 47599 | Spider:2 | Upgraded the game from 0.21-a0-1-gaf3b9a5 to 0.20-b1-2-gc5a9893
 47785 | Spider:3 | Noticed Mesmaeker13's illusion
 47797 | Spider:3 | Killed Mara
 47797 | Spider:3 | Reached skill level 15 in Shields
 48895 | Spider:4 | Entered Level 4 of the Spider Nest
 48932 | Spider:4 | Reached skill level 19 in Armour
 48941 | Spider:4 | Received a gift from Trog
 49133 | Spider:4 | Noticed Agnes
 49145 | Spider:4 | Killed Agnes
 49799 | Spider:4 | Received a gift from Trog
 50254 | Spider:4 | Reached skill level 5 in Throwing
 50286 | Spider:4 | Reached XP level 20. HP: 99/207 MP: 13/13
 50805 | Spider:4 | Got a gossamer rune of Zot
 51181 | Orc:2    | Bought a potion of agility for 60 gold pieces
 51325 | Elf:2    | Received a gift from Trog
 51463 | Elf:2    | Received a gift from Trog
 51525 | Elf:2    | Found a runed gate.
 51525 | Elf:2    | Found a runed gate.
 51525 | Elf:2    | Found a runed gate.
 51539 | Elf:2    | Reached ****** piety under Trog
 51680 | Elf:2    | Paralysed by a floating eye for 3 turns
 51696 | Elf:2    | Paralysed by a floating eye for 2 turns
 51705 | Elf:1    | Paralysed by a floating eye for 2 turns
 51709 | Elf:1    | Paralysed by a floating eye for 3 turns
 51715 | Elf:1    | Paralysed by a floating eye for 4 turns
 51726 | Elf:1    | Paralysed by a floating eye for 2 turns
 51733 | Elf:1    | Paralysed by a floating eye for 3 turns
 51739 | Elf:1    | Paralysed by a floating eye for 3 turns
 52561 | Elf:2    | Reached skill level 20 in Armour
 52639 | Elf:2    | Received a gift from Trog
 53031 | Elf:3    | Entered Level 3 of the Elven Halls
 53330 | Elf:3    | Noticed Aizul
 53339 | Elf:3    | Killed Aizul
 53464 | Elf:3    | Noticed Saint Roka
 53468 | Elf:3    | Received a gift from Trog
 53490 | Elf:3    | Killed Saint Roka
 53875 | Elf:3    | Gained mutation: Your body sometimes deteriorates upon taking damage. [a cacodemon]
 54236 | Elf:3    | Reached XP level 21. HP: 63/214 MP: 13/13
 54837 | Elf:3    | Received a gift from Trog
 55303 | Elf:3    | Cast into level 2 of the Abyss (a deep elf sorcerer)
 55559 | Abyss:3  | Paralysed by accursed screaming for 1 turns
 55570 | Abyss:3  | Paralysed by accursed screaming for 2 turns
 55585 | Abyss:3  | Paralysed by accursed screaming for 1 turns
 55589 | Abyss:3  | HP: 9/214 [starcursed mass/accursed screaming (4)]
 55597 | Abyss:3  | Paralysed by accursed screaming for 1 turns
 55601 | Abyss:3  | Paralysed by accursed screaming for 1 turns
 55609 | Abyss:3  | Paralysed by accursed screaming for 1 turns
 55614 | Abyss:3  | Paralysed by accursed screaming for 1 turns
 55657 | Abyss:3  | Identified a scroll of acquirement
 55661 | Abyss:3  | Got a coiled copper ring
 55662 | Abyss:3  | Identified the ring "Gahazup" {MP+9 Dex+6} (You acquired it on level 3 of the Abyss)
 55953 | Elf:3    | Escaped the Abyss
 56040 | Elf:3    | Got a translucent jade ring
 56044 | Elf:3    | Got a glittering garnet amulet
 56059 | Elf:3    | Got a polished great mace
 56325 | Lair:1   | Identified the ring of Moeqoabucs {*Drain rElec EV+2 Str+4 Dex+2} (You found it on level 3 of the Elven Halls)
 56332 | Lair:1   | Identified the amulet "Fous Nue" {Faith *Corrode rF+ Int+2 Dex+5} (You found it on level 3 of the Elven Halls)
 56333 | Lair:1   | Lost mutation: Your body sometimes deteriorates upon taking damage. [potion of mutation]
 56333 | Lair:1   | Lost mutation: You are partially covered in rugged brown scales. (AC +1, +3% HP) [potion of mutation]
 56333 | Lair:1   | Lost mutation: Your muscles are strong. (Str +2) [potion of mutation]
 56333 | Lair:1   | Gained mutation: Potions are less effective at restoring your health. [potion of mutation]
 56333 | Lair:1   | Gained mutation: You are partially covered in large bone plates. (SH +4) [potion of mutation]
 56333 | Lair:1   | Gained mutation: Your magical capacity is low. (-10% MP) [potion of mutation]
 56333 | Lair:1   | Gained mutation: Your muscles are strong. (Str +2) [potion of mutation]
 57110 | Depths:1 | Bought a meat ration for 55 gold pieces
 57110 | Depths:1 | Bought a meat ration for 55 gold pieces
 57270 | Depths:2 | Received a gift from Trog
 57356 | Depths:2 | Found a gateway to a ziggurat.
 57507 | Depths:2 | Received a gift from Trog
 57534 | Depths:2 | Noticed an ancient lich
 57618 | Depths:2 | Killed an ancient lich
 57677 | Depths:2 | Reached skill level 10 in Throwing
 57722 | Depths:2 | Got steaming ice dragon scales
 57731 | Depths:2 | Identified the +1 ice dragon scales of Qukah {rF- rC++ Str+4 Dex+4} (You found it on level 2 of the Depths)
 57821 | Depths:2 | Reached skill level 21 in Armour
 57910 | Depths:2 | Found a one-way gate leading to the halls of Pandemonium.
 58083 | Depths:2 | Found a one-way gate to the infinite horrors of the Abyss.
 58201 | Depths:2 | Received a gift from Trog
 58207 | Depths:2 | Found an ornate altar of the Wu Jian Council.
 58432 | Depths:3 | Noticed Asterion
 58446 | Depths:3 | Killed Asterion
 58504 | Depths:3 | Noticed Margery
 58520 | Depths:3 | Killed Margery
 58520 | Depths:3 | Reached XP level 22. HP: 198/217 MP: 8/8
 58567 | Depths:3 | Received a gift from Trog
 58644 | Depths:3 | Noticed Sojobo
 58666 | Depths:3 | Cast into level 3 of the Abyss (tengu reaver)
 58759 | Abyss:4  | Found a corrupted altar of Lugonu.
 58774 | Depths:3 | Escaped the Abyss
 58791 | Depths:2 | Killed Sojobo
 58990 | Depths:3 | Received a gift from Trog
 59305 | Depths:3 | Cast into level 3 of the Abyss (tengu reaver)
 59335 | Abyss:3  | Found a corrupted altar of Lugonu.
 59356 | Depths:3 | Escaped the Abyss
 60247 | Vaults:2 | Reached skill level 5 in Dodging
 60585 | Vaults:2 | Reached skill level 1 in Crossbows
 60894 | Vaults:2 | Received a gift from Trog
 60925 | Vaults:2 | Reached skill level 5 in Crossbows
 61090 | Vaults:2 | Got a smoking lapis lazuli ring
 61294 | Vaults:2 | Received a gift from Trog
 61732 | Lair:1   | Identified the ring "Rahud" {rPois MR+ Str+2 SInv} (You found it on level 2 of the Vaults)
 62635 | Vaults:3 | Received a gift from Trog
 62639 | Vaults:3 | Reached XP level 23. HP: 224/224 MP: 9/9
 62767 | Vaults:3 | Reached skill level 1 in Spellcasting
 62771 | Vaults:3 | Found a staircase to the Crypt.
 63218 | Vaults:3 | Received a gift from Trog
 63561 | Vaults:3 | Received a gift from Trog
 64043 | Vaults:4 | Received a gift from Trog
 64098 | Vaults:4 | Found Taop's Food Boutique.
 64143 | Vaults:4 | Got an ichor-stained morningstar
 64597 | Vaults:4 | Received a gift from Trog
 64719 | Vaults:4 | Received a gift from Trog
 64758 | Vaults:4 | Found a radiant altar of Vehumet.
 64909 | Vaults:4 | Received a gift from Trog
 65722 | Vaults:5 | Entered Level 5 of the Vaults
 65731 | Vaults:5 | Received a gift from Trog
 65759 | Vaults:5 | Reached XP level 24. HP: 205/238 MP: 9/9
 65786 | Vaults:5 | Reached skill level 22 in Armour
 65981 | Vaults:5 | Received a gift from Trog
 66054 | Vaults:4 | Reached skill level 15 in Throwing
 66083 | Vaults:4 | Received a gift from Trog
 66232 | Vaults:5 | Noticed an ancient lich
 66249 | Vaults:4 | Received a gift from Trog
 66891 | Vaults:4 | Killed an ancient lich
 66901 | Vaults:4 | Received a gift from Trog
 66987 | Vaults:5 | Got a sparkling granite ring
 66996 | Vaults:5 | Got a warped war axe {chop}
 67121 | Vaults:5 | Got a silver rune of Zot
 67122 | Vaults:5 | Identified the +2 war axe "Spider's Peril" {chop, rF+} (You took it off an ironheart preserver on level 5 of the Vaults)
 67124 | Vaults:5 | Identified the ring "Razusepi" {Fire MR+} (You took it off a deep elf death mage on level 5 of the Vaults)
 67149 | Vaults:5 | Received a gift from Trog
 67703 | Vaults:5 | Got a brightly glowing war axe
 67800 | Vaults:5 | Reached XP level 25. HP: 241/249 MP: 9/9
 67847 | Vaults:5 | Received a gift from Trog
 67860 | Vaults:5 | Identified the Incunabulum of Combat Magic
 68639 | Depths:4 | Reached skill level 23 in Armour
 68886 | Depths:4 | Noticed Mennas
 68905 | Depths:4 | Killed Mennas
 68949 | Depths:4 | Noticed Frederick
 68964 | Depths:4 | Killed Frederick
 69137 | Depths:4 | Received a gift from Trog
 69238 | Depths:4 | Found a gateway to a bazaar.
 69250 | Bazaar   | Entered a bazaar
 69254 | Bazaar   | Found Hunil Detis's Antique Armour Boutique.
 69272 | Bazaar   | Found Haeng's Magic Scroll Emporium.
 69290 | Bazaar   | Found Xeneu's General Store.
 69307 | Bazaar   | Found Zoaz's Gadget Shoppe.
 69344 | Bazaar   | Bought a scroll of magic mapping for 42 gold pieces
 69344 | Bazaar   | Bought a scroll of magic mapping for 42 gold pieces
 69344 | Bazaar   | Bought a scroll of enchant weapon for 90 gold pieces
 69344 | Bazaar   | Bought a scroll of summoning for 114 gold pieces
 69344 | Bazaar   | Bought a scroll of identify for 24 gold pieces
 69344 | Bazaar   | Bought a scroll of blinking for 90 gold pieces
 69345 | Bazaar   | Identified the +4 war axe of Dumuk {chop, *Noise Int+8 SInv} (You found it on level 5 of the Vaults)
 69350 | Bazaar   | Bought a scroll of holy word for 90 gold pieces
 69350 | Bazaar   | Bought a scroll of identify for 24 gold pieces
 69367 | Bazaar   | Bought a potion of invisibility for 56 gold pieces
 69367 | Bazaar   | Bought a scroll of identify for 14 gold pieces
 69992 | Depths:4 | Received a gift from Trog
 70234 | Depths:5 | Entered Level 5 of the Depths
 70338 | Depths:5 | Noticed Jory
 70370 | Depths:5 | Killed Jory
 71113 | Depths:3 | Paralysed by a floating eye for 4 turns
 71140 | Depths:3 | Paralysed by a floating eye for 2 turns
 71505 | Depths:5 | Received a gift from Trog
 72239 | Depths:5 | Found a gate to the Realm of Zot.
 72446 | Zot:1    | Entered Level 1 of the Realm of Zot
 73504 | Zot:1    | Received a gift from Trog
 73740 | Zot:1    | Received a gift from Trog
 73752 | Zot:1    | Reached XP level 26. HP: 256/264 MP: 4/9
 73788 | Zot:1    | Noticed an orb of fire
 73802 | Zot:1    | Gained mutation: You are frail. (-10% HP) [an orb of fire]
 73806 | Zot:1    | Killed an orb of fire
 74298 | Zot:2    | Received a gift from Trog
 74738 | Zot:3    | HP: 10/364 [quicksilver dragon (16)]
 74741 | Zot:3    | HP: 3/364 [shadow dragon (11)]
 74742 | Zot:3    | Mangled by a quicksilver dragon

Skill      XL: |  1  2  3  4  5  6  7  8  9 10 11 12 13 14 15 16 17 18 19 20 21 22 23 24 25 26 |
---------------+-------------------------------------------------------------------------------+-----
Fighting       | 3 4 5 6 7 9 10 11 12 13 14 15 16 17 18 19 20 22 | 22.2
Axes           | 4 5 6 7 9 10 11 13 14 15 16 17 18 19 20 | 20.1
Armour         | 3 4 5 6 7 8 10 11 12 13 14 15 16 17 18 19 20 21 22 23 | 23.6
Evocations     | 2 5 8 9 11 12 14 15 17 18 19 | 19.2
Shields        | 5 6 9 11 12 14 15 | 15.2
Throwing       | 4 5 8 10 12 14 16 18 | 18.7
Dodging        | 5 7 |  7.0
Crossbows      | 5 |  5.6
Spellcasting   | 1 |  1.0

Action                   |  1- 3 |  4- 6 |  7- 9 | 10-12 | 13-15 | 16-18 | 19-21 | 22-24 | 25-27 || total
-------------------------+-------+-------+-------+-------+-------+-------+-------+-------+-------++-------
Melee: Hand axe          |    94 |    50 |   114 |       |       |       |       |       |       ||   258
       Quarterstaff      |       |    59 |    51 |       |       |       |       |       |       ||   110
       War axe           |       |       |   203 |   461 |  1324 |    16 |       |       |       ||  2004
       Battleaxe         |       |       |       |   288 |       |       |   925 |  1706 |   942 ||  3861
       Broad axe         |       |       |       |       |   183 |  1651 |  1224 |    15 |       ||  3073
       Eveningstar       |       |       |       |       |       |    68 |       |       |       ||    68
Throw: Throwing net      |       |     1 |     1 |       |       |       |       |       |       ||     2
       Tomahawk          |       |       |       |     2 |     4 |     9 |     4 |       |       ||    19
       Javelin           |       |       |       |       |     3 |    11 |   126 |    18 |     3 ||   161
Invok: Berserk           |     3 |     5 |    13 |    22 |    49 |    42 |    25 |     1 |     4 ||   164
       Trog's Hand       |       |     3 |     8 |    21 |    40 |    40 |    35 |    24 |     7 ||   178
       Burn Spellbooks   |       |     2 |       |     3 |     3 |     5 |     3 |     4 |     5 ||    25
       Brothers in Arms  |       |       |       |     2 |    10 |     5 |    16 |     8 |     4 ||    45
 Abil: Heal Wounds       |       |       |     4 |     6 |    13 |    32 |    31 |     1 |     1 ||    88
       Evoke Flight      |       |       |       |       |     1 |       |       |       |       ||     1
       Evoke Blink       |       |       |       |       |       |     2 |       |       |       ||     2
Evoke: Wand              |       |       |     1 |    19 |    44 |    51 |    18 |     4 |       ||   137
       Sack of spiders   |       |       |       |       |       |     1 |       |     1 |     1 ||     3
       Lightning rod     |       |       |       |       |       |       |       |     2 |       ||     2
       Lamp of fire      |       |       |       |       |       |       |       |     1 |       ||     1
  Use: Scroll            |       |     6 |     3 |    15 |    16 |    15 |    20 |     8 |    10 ||    93
       Potion            |       |       |       |     3 |     8 |    21 |    12 |     6 |     2 ||    52
 Stab: Held in net/web   |       |       |     1 |       |       |       |       |       |       ||     1
       Confused          |       |       |       |       |     9 |    24 |     2 |     2 |     2 ||    39
       Invisible         |       |       |       |       |       |     3 |       |     6 |       ||     9
       Distracted        |       |       |       |       |       |     1 |     4 |       |     4 ||     9
  Eat: Chunk             |     2 |    11 |    32 |    54 |   110 |    96 |    95 |    78 |    29 ||   507
       Meat ration       |       |       |     2 |       |       |       |     1 |       |       ||     3
       Bread ration      |       |       |       |     4 |       |     2 |       |       |       ||     6
Armor: Animal skin       |     4 |       |       |       |       |       |       |       |       ||     4
       Scale mail        |    34 |    31 |       |       |   370 |       |       |       |       ||   435
       Plate armour      |       |    37 |   239 |   475 |   305 |   130 |       |       |       ||  1186
       Chain mail        |       |       |       |       |   176 |       |       |       |       ||   176
       Storm dragon scal |       |       |       |       |       |   716 |  1576 |  1434 |   672 ||  4398
       Skin              |       |       |       |       |       |    13 |       |       |       ||    13
       Gold dragon scale |       |       |       |       |       |       |       |       |     5 ||     5
Dodge: Dodged            |    45 |    55 |   113 |   330 |   620 |   406 |   732 |   989 |   464 ||  3754
Block: Buckler           |       |       |       |    75 |   347 |       |       |       |       ||   422
       Shield            |       |       |       |       |   142 |  1067 |   998 |     6 |       ||  2213
       Other             |       |       |       |       |       |       |    48 |   261 |   131 ||   440
